 Dungeon Crawl Stone Soup version 0.30.0-29-ga12c61a403 (webtiles) character file.

Game seed: 12438346935215090544

1535017 Wkid the Archmage (level 27, 153/228 HPs)
             Began as a Djinni Air Elementalist on June 12, 2023.
             Was the Champion of Hepliaklqana.
             Escaped with the Orb
             ... and 3 runes!
             The game lasted 04:35:05 (86858 turns).

Wkid the Archmage (Djinni Air Elementalist)        Turns: 86858, Time: 04:35:06

Health: 153/228    AC: 13    Str: 11    XL:     27
Gold:   4018       EV: 20    Int: 28    God:    Hepliaklqana [******] SH: 23 Dex: 15

rFire   + + +        B - staff of death "Pioref" {rF+ rN+}
rCold   + . .        W - +5 kite shield {AC+3}
rNeg    + + .        i - +2 robe of the Game of Kings {rC++ rCorr}
rPois   ∞            (no helmet)
rElec   +            L - scarf {repulsion}
rCorr   +            a - +2 pair of gloves {Stlth+}
SInv    +            (boots unavailable)
Will    +++++        f - amulet of the Four Winds {rN+ Will+++ Clar}
Stlth   ++           U - +4 ring of protection
HPRegen 0.58/turn    Z - ring of Mirth {rElec MP+9 SInv Stlth+}
MPRegen 0.00/turn

%: repel missiles, clarity
@: on dragon call cooldown, flying, studying 4 skills
A: reduced essence, sickness immunity, fire resistance 2, cold vulnerability 1,
float, innate caster, HP casting, extra vitality 1, large bone plates 1,
deformed body, strong-willed 1, robust 1, strong 1, no potion heal 2
0: Orb of Zot
}: 3/15 runes: serpentine, barnacled, silver
a: Renounce Religion, Recall Ancestor, Ancestor Identity, Transference, Idealise


You escaped.
You worshipped Hepliaklqana.
Hepliaklqana was exalted by your worship.
You visited 10 branches of the dungeon, and saw 48 of its levels.
You visited 1 bazaar.
You also visited: Trove.

You collected 7202 gold pieces.
You spent 3184 gold pieces at shops.

Inventory:

Hand Weapons
 H - the +3 short sword of Wuenwiof {pain, rC+++ Str-4}
   (You found it on level 6 of the Dungeon)

   Str:       It affects your strength (-4).
   rC:        It renders you almost immune to cold.
Missiles
 S - 3 throwing nets
Armour
 a - a +2 pair of gloves of stealth (worn)
 i - the +2 robe of the Game of Kings (worn) {rC++ rCorr}
   (You bought it in a shop in a bazaar)

   rC:        It greatly protects you from cold.
   rCorr:     It protects you from acid and corrosion.
 j - the +5 helmet of the Falcon {Int+4}
   (You found it on level 2 of the Dungeon)

   Int:       It affects your intelligence (+4).
 I - +5 steam dragon scales
 L - a scarf of repulsion (worn)
 T - a +2 robe of willpower
 W - a +5 kite shield of protection (worn)
Magical Staves
 w - a staff of air
 B - the staff of death "Pioref" (weapon) {rF+ rN+}
   (You found it on level 1 of the Depths)

   [staff of death]

   Your inability to study Necromancy prevents you from drawing on the full
   power of this staff in melee.
   Base accuracy: +5 Base damage: 5 Base attack delay: 1.2 This weapon's minimum
   attack delay (0.6) is reached at skill level 12.
   rF:        It protects you from fire.
   rN:        It protects you from negative energy.
   It falls into the 'Staves' category.
   It is a one-handed weapon.
Jewellery
 f - the amulet of the Four Winds (around neck) {rN+ Will+++ Clar}
   (You found it in a treasure trove)

   [amulet of nothing]

   rN:        It protects you from negative energy.
   Clar:      It protects you from confusion, rage, mesmerisation and fear.
   Will:      It greatly increases your willpower.
 U - a +4 ring of protection (left hand)
 Z - the ring of Mirth (right hand) {rElec MP+9 SInv Stlth+}
   (You bought it in a shop on level 2 of the Orcish Mines)

   [ring of magical power]

   rElec:     It insulates you from electricity.
   MP:        It affects your magic capacity (+9).
   SInv:      It lets you see invisible.
   Stlth:     It makes you more stealthy.
Wands
 t - a wand of roots (46)
 z - a wand of digging (29)
 N - a wand of quicksilver (35)
Scrolls
 d - 4 scrolls of poison
 l - a scroll of fear
 n - 3 scrolls of silence
 o - 20 scrolls of teleportation
 p - 3 scrolls of enchant armour
 r - 5 scrolls of immolation
 y - 8 scrolls of noise
 J - 7 scrolls of magic mapping
 R - 8 scrolls of fog
Potions
 b - 4 potions of mutation
 c - 24 potions of curing
 g - 4 potions of resistance
 h - a potion of haste
 k - 11 potions of might
 m - 12 potions of brilliance
 s - 10 potions of berserk rage
 v - 10 potions of lignification
 x - a potion of invisibility
 C - 4 potions of heal wounds
 O - 4 potions of cancellation


   Skills:
 O Level 27 Fighting
 + Level 16.9 Dodging
 - Level 1.5 Stealth
 + Level 15.5 Shields
 O Level 27 Spellcasting


You knew the following spells:

 Your Spells              Type           Power      Damage    Failure   Level
a - Shock                 Conj/Air       100%       1d9       0%          1
b - Static Discharge      Conj/Air       100%       2-7/arc   0%          2
c - Swiftness             Air            100%       N/A       0%          3
d - Airstrike             Air            56%        2d(8-24)  0%          4
e - Slow                  Hex            100%       N/A       0%          1
f - Wereblood             Tmut           100%       N/A       0%          2
g - Portal Projectile     Hex/Tloc       100%       N/A       0%          3
h - Animate Armour        Summ/Erth      100%       N/A       0%          4
i - Blade Hands           Tmut           56%        N/A       0%          5
j - Borgnjor's Vile Clut  Necr/Erth      68%        N/A       0%          5
k - Eringya's Noxious Bo  Tmut/Pois      56%        N/A       0%          6
l - Conjure Ball Lightni  Conj/Air       56%        3x3d20    0%          6
m - Summon Hydra          Summ           56%        N/A       1%          7
n - Ozocubu's Refrigerat  Ice            56%        4d19      1%          7
o - Discord               Hex            56%        N/A       1%          8
p - Infestation           Necr           68%        N/A       1%          8
q - Dragon's Call         Summ           56%        N/A       2%          9
Your spell library was empty.

Dungeon Overview and Level Annotations

Branches:
Dungeon (15/15)            Temple (1/1) D:6            Lair (5/5) D:11
 Shoals (4/4) Lair:2        Snake (4/4) Lair:3        Slime (0/5) Lair:4
    Orc (2/2) D:11            Elf (3/3) Orc:2        Vaults (5/5) D:13
  Crypt (0/3) Vaults:2     Depths (4/4) D:15            Zot (5/5) Depths:4

Altars:
Ashenzari
Cheibriados
Dithmenos
Elyvilon
Fedhas
Gozag
Hepliaklqana
Makhleb
Nemelex Xobeh
Okawaru
Qazlal
Ru
Trog
Uskayaw
Wu Jian
Xom
Yredelemnul
Zin
The Shining One
Jiyva
Lugonu

Shops:
D:3 =   D:15 =   Orc:2 =**[   Shoals:1 (   Shoals:2 *   Snake:1 *[(=
Snake:4 (   Vaults:1 !   Zot:5 *   Depths:2 =   Depths:4 *

Portals:
Hell: Depths:1 Depths:2 Depths:3 Depths:4
Abyss: Depths:2 Depths:3
Pandemonium: Depths:2
Ziggurat: Depths:4

Annotations:
D:6 exclusions: howler monkey and phantom
D:8 Gastronok
D:11 Harold
Lair:2 1 runed translucent door, exclusions: 3 death yaks and hydra, Fodor's ghost, journeyman MiFi
Lair:4 3 runed translucent doors, Kranky's ghost, journeyman MiBe
Elf:1 3 runed translucent doors, BONEBRO's ghost, journeyman HOFi
Depths:1 2 transporters, Poanarph's ghost, veteran GrVM
Zot:2 1 transporter


Innate Abilities, Weirdness & Mutations

Your life essence is reduced to manifest your ancestor. (-10% HP)
You are immune to sickness and miasma.
You are immune to poison.
Your flesh is very heat resistant. (rF++)
You are vulnerable to cold. (rC-)
You float through the air rather than walking.
You learn spells naturally, not from books.
Your magical power is your life essence.
You have superior vitality. (+4 MHP)
You are partially covered in large bone plates. (SH +4)
Armour fits poorly on your strangely shaped body.
You are strong-willed. (Will+)
You are robust. (+10% HP)
Your muscles are strong. (Str +4, Int/Dex -1)
Potions cannot restore your health.


Message History

Okay, then.
There is a stone staircase leading up here.
You fly upwards.
There is a stone staircase leading down here.
Things that are here:
a +0 short sword; a kobold skeleton The roar of the dragon horde subsides.
You reach down and open the large door.
An Orb Guardian comes into view.
Casting: Dragon's Call (dangerous; 2% risk of failure)
Confirm with . or Enter, or press ? or * to list all spells.
Aiming: Borgnjor's Vile Clutch (safe; 0% risk of failure)
Press: ? - help, Shift-Dir - straight line, f - Orb Guardian
Aim: an Orb Guardian (100% to hit)
You feel a surge of power!
Zombie hands grab the Orb Guardian.
The zombie hands constrict the Orb Guardian.
The zombie hands constrict the Orb Guardian!
The Orb Guardian struggles to escape constriction.
There is a large open door here.
The zombie hands constrict the Orb Guardian!!
The Orb Guardian struggles to escape constriction.
The zombie hands constrict the Orb Guardian!
The Orb Guardian struggles to escape constriction. x2
The zombie hands constrict the Orb Guardian!!
The Orb Guardian struggles to escape constriction.
The zombie hands constrict the Orb Guardian!
The Orb Guardian struggles to escape constriction.
The Orb Guardian escapes!
Casting: Borgnjor's Vile Clutch (safe; 0% risk of failure)
Confirm with . or Enter, or press ? or * to list all spells.
Aiming: Borgnjor's Vile Clutch (safe; 0% risk of failure)
Press: ? - help, Shift-Dir - straight line, f/p - Orb Guardian
Aim: an Orb Guardian (almost dead, 100% to hit)
You feel a surge of power!
Zombie hands grab the Orb Guardian.
The zombie hands constrict the Orb Guardian!
You kill the Orb Guardian!
There is a staircase leading out of the dungeon here.
You have escaped!

###.##...#.#### #.##.# #.#
..#.##.#...## #..#.# #.#
#......#....##########...# #.#
#....###...8.~~~~~~~~##..# #.#
......##..#.~~~.....~~#..#
###.#
###.......#.~~..~~~..~#..#
#...#
##..#...#.~..~~~~~..#..###.###
##.....'.~.~~...~~.#..#...# ##
##....'.~..~@~..~.+....###
)######.#.#.~~...~~.~.+...##
.....##.#.#..~~~~~..~.#...#
####.##.#.#~..~~~..~~.#...#
).......#.#~~.....~~~.#.#.#
###.###...##~~~~~~~~.8....#
#..##....##########...###
##.#...................##
#...#..##..(..(....##..#


There were no monsters in sight!

Vanquished Creatures
  Mara (Elf:3)
  An ancient lich (Zot:5)
  An orb of fire (Zot:5)
  Boris (twice) (Vaults:2 Depths:1)
  2 Killer Klowns (Zot:5)
  A curse toe (Zot:5)
  4 caustic shrikes (Depths:4)
  A golden dragon (Zot:1)
  Nikola (Elf:3)
  An electric golem (Zot:5)
  Jorgrun (Snake:2)
  Rupert (D:13)
  14 tentacled monstrosities
  Zenata (Elf:3)
  A walking earthen tome (Depths:4)
  The ghost of Kaobra the Tortoise, an adept GnHW of Ashenzari (Elf:2)
  4 liches
  11 Orb Guardians
  4 titans
  A quicksilver dragon (Depths:3)
  2 deep elf blademasters
  5 death cobs
  A deep elf master archer (Elf:3)
  2 sphinxes
  2 krakens
  8 tengu reavers
  5 shadow dragons
  4 storm dragons
  5 nagarajas
  Ilsuiw (Shoals:4)
  4 iron dragons
  14 fire giants
  2 draconian scorchers
  12 vault wardens
  2 draconian monks
  4 deep elf elementalists (Elf:3)
  7 deep elf sorcerers
  9 frost giants
  4 ghost moths
  3 spectral caustic shrikes (Depths:1)
  A balrug (Depths:4)
  9 very ugly things
  A draconian shifter (Zot:5)
  An orc warlord (Vaults:3)
  A draconian stormcaller (Zot:3)
  8 ironbound preservers
  A cacodemon (D:7)
  2 draconian annihilators (Depths:4)
  A caustic shrike skeleton (Depths:1)
  A spriggan defender (Depths:3)
  3 vampire knights (Depths:4)
  4 ironbound thunderhulks
  2 war gargoyles
  14 stone giants
  5 green draconians
  A black draconian (Depths:4)
  4 deep elf demonologists (Elf:3)
  A purple draconian (Zot:5)
  A red draconian (Zot:3)
  5 dire elephants
  4 deep elf annihilators
  A yellow draconian (Zot:2)
  A minotaur (shapeshifter) (Vaults:5)
  2 white draconians
  14 ettins
  4 deep elf death magi (Elf:3)
  5 merfolk javelineers (Shoals:4)
  A crystal guardian (Vaults:4)
  2 fire dragons (Depths:3)
  5 merfolk impalers
  Josephine (D:14)
  7 deep elf high priests
  3 salamander tyrants (Snake:4)
  2 great orbs of eyes
  3 ice dragons (Depths:4)
  4 entropy weavers
  12 yaktaur captains
  2 rakshasas
  3 peacekeepers (Vaults:4)
  7 hydras
  A merfolk avatar (Shoals:4)
  10 centaur warriors
  A spriggan skeleton (Depths:1)
  26 vault guards
  An alligator snapping turtle (Shoals:2)
  4 merfolk aquamancers
  5 ironbound frosthearts
  2 spriggan air magi (Depths:3)
  6 anacondas
  2 ogre magi
  3 boulder beetles
  21 dancing weapons
  9 two-headed ogres
  3 deep troll earth magi
  3 deep troll shamans
  10 naga warriors
  A satyr (Shoals:2)
  12 death yaks
  2 vampire magi
  2 tengu warriors (Depths:1)
  7 orc high priests (Orc:2)
  6 shock serpents
  5 spriggan berserkers
  Sonja (D:10)
  20 deep elf knights
  5 naga sharpshooters
  Nergalle (Lair:3)
  5 hell knights (Depths:3)
  A storm dragon zombie (Depths:1)
  A skyshark (shapeshifter) (Depths:2)
  A sixfirhy (D:7)
  2 skeletal warriors (D:13)
  3 salamander mystics
  10 skysharks
  42 deep trolls
  5 iron trolls
  A soul eater (D:6)
  A glowing orange brain (Depths:2)
  10 deep elf archers
  13 sea snakes
  11 wizards
  A shadow dragon zombie (Depths:1)
  29 deep elf pyromancers
  10 naga ritualists
  A necromancer (Vaults:4)
  4 orc knights
  12 ironbound convokers
  8 lindwurms
  17 harpies
  3 mana vipers
  6 phantasmal warriors
  24 ugly things
  An orc sorcerer (Orc:2)
  30 deep elf zephyrmancers
  A wolf spider (D:15)
  6 fauns
  An elephant (shapeshifter) (Vaults:5)
  18 moths of wrath
  10 manticores
  9 cyclopes
  13 elephants
  11 salamanders
  11 merfolk sirens
  A guardian serpent (Snake:3)
  A toenail golem (D:6)
  28 black mambas
  11 naga magi
  4 water nymphs
  3 rust devils (Depths:1)
  15 vault sentinels
  2 gargoyles
  An efreet (D:4)
  8 yaktaurs
  7 cane toads
  An ice devil (Zot:3)
  3 tengu conjurers
  7 komodo dragons
  21 merfolk
  9 polar bears
  3 trolls
  A tarantella (Vaults:5)
  14 wind drakes
  11 hornets
  22 blink frogs
  15 snapping turtles
  9 dream sheep
  A fire giant simulacrum (Depths:1)
  A shadow (D:10)
  15 spriggans
  9 wraiths
  33 slime creatures
  2 air elementals
  23 water elementals
  A basilisk (shapeshifter) (D:13)
  2 fire elementals
  13 humans (D:13)
  3 vampires (Vaults:2)
  4 wyverns
  Grum (D:8)
  3 basilisks
  26 yaks
  2 redbacks
  6 vampire mosquitoes
  2 steam dragons
  44 nagas
  6 wargs (Orc:2)
  13 water moccasins
  2 acid dragons (D:11)
  11 orc warriors
  5 ice beasts
  2 black bears (Lair:5)
  3 boggarts (Lair:5)
  26 wolves
  5 centaurs
  4 ogres
  3 kobold brigands
  5 necrophages (Lair:2)
  7 bullfrogs
  A gnoll sergeant (D:5)
  2 scorpions
  2 earth elementals (Elf:1)
  10 wights
  10 killer bees (D:9)
  6 electric eels
  A howler monkey (D:12)
  2 hounds (D:5)
  A jelly (D:6)
  33 orc priests
  An iguana (D:7)
  Ijyb (D:5)
  9 orc wizards
  6 hell rats (Lair:2)
  7 adders
  5 gnolls (D:5)
  2 shadow imps
  A white imp (D:6)
  3 ufetubi
  5 worms
  2 dart slugs
  66 orcs
  5 ball pythons
  9 endoplasms
  7 giant cockroaches
  13 goblins
  11 hobgoblins
  3 jackals (D:5)
  2 quokkas
  3 bats
  3 frilled lizards
  16 kobolds
  9 rats
  3 tentacles
1540 creatures vanquished.

Vanquished Creatures (collateral kills)
  2 dread liches
  An ancient lich (Zot:5)
  A juggernaut (Depths:4)
  7 orbs of fire
  Sojobo (Depths:4)
  Parghit (Zot:2)
  4 Killer Klowns
  A curse toe (Zot:4)
  3 golden dragons
  A Tzitzimitl (Zot:5)
  A hellephant (Zot:5)
  An electric golem (Zot:5)
  A Brimstone Fiend (D:3)
  16 Orb Guardians
  A deep elf blademaster (Elf:3)
  A lich (Depths:3)
  10 tentacled monstrosities
  5 titans
  A quicksilver dragon (Zot:4)
  A kraken (Shoals:3)
  7 death cobs
  3 shadow dragons
  3 sphinxes
  7 storm dragons
  A tengu reaver (Vaults:5)
  2 draconian monks
  A draconian knight (Zot:4)
  5 fire giants
  6 draconian scorchers
  3 iron dragons
  4 vault wardens
  4 frost giants
  A balrug (Zot:3)
  2 ghost moths
  A caustic shrike zombie (Depths:1)
  5 draconian stormcallers
  7 draconian annihilators
  A spectral caustic shrike (Depths:1)
  A deep elf elementalist (Elf:3)
  A war gargoyle (Vaults:5)
  5 draconian shifters
  10 ironbound preservers
  6 green draconians
  9 stone giants
  10 very ugly things
  2 ironbound thunderhulks (Vaults:3)
  A deep elf demonologist (Elf:3)
  5 deep elf annihilators
  4 black draconians
  7 red draconians
  4 purple draconians
  3 white draconians (Zot:4)
  5 yellow draconians
  A spark wasp (Depths:3)
  5 ettins (Zot:3)
  A dire elephant (Vaults:1)
  2 deep elf death magi (Elf:3)
  2 blizzard demons
  A crystal guardian (Vaults:3)
  2 merfolk impalers (Shoals:4)
  2 fire dragons (Depths:4)
  An entropy weaver (Vaults:5)
  3 yaktaur captains
  A hell beast (Depths:4)
  3 ice dragons
  A peacekeeper (Vaults:3)
  A vault guard (Vaults:2)
  A merfolk avatar (Shoals:4)
  A spriggan skeleton (Depths:1)
  A naga warrior (Snake:3)
  2 anacondas
  4 centaur warriors
  5 dancing weapons
  2 ironbound frosthearts
  6 two-headed ogres
  3 merfolk aquamancers
  2 deep troll shamans
  2 alligator snapping turtles (Shoals:4)
  2 death yaks (Lair:5)
  An orc high priest (Orc:2)
  2 deep troll earth magi
  A naga sharpshooter (Snake:4)
  A titan zombie (Vaults:4)
  A soul eater (Depths:4)
  2 skysharks
  A salamander mystic (Depths:1)
  A deep elf knight (Elf:1)
  4 iron trolls
  A spark wasp zombie (Depths:1)
  A skeletal warrior (D:13)
  3 sea snakes
  18 deep trolls
  An orb spider (shapeshifter) (Vaults:5)
  A shadow demon (D:9)
  A glowing orange brain (Vaults:3)
  3 ironbound convokers
  3 wizards
  3 necromancers
  A steelbarb worm (shapeshifter) (Vaults:5)
  A deep elf pyromancer (Elf:3)
  A deep elf zephyrmancer (Elf:1)
  9 harpies
  2 orc knights
  Pikel (D:9)
  2 cyclopes
  10 ugly things
  2 manticores
  A mana viper (Snake:2)
  2 salamanders
  10 moths of wrath
  A frost giant skeleton (Vaults:4)
  3 elephants (Lair:5)
  Joseph (D:7)
  4 guardian serpents
  2 naga magi
  7 black mambas
  A rust devil (Depths:1)
  4 vault sentinels
  A cane toad (Lair:1)
  Maggie (D:7)
  A yaktaur zombie (Vaults:4)
  A spriggan zombie (Depths:1)
  2 yaktaurs (Vaults:2)
  A freezing wraith (Vaults:3)
  2 tormentors
  An ice devil (D:11)
  A wind drake (Shoals:3)
  7 trolls
  A nameless horror (Zot:5)
  5 merfolk (Shoals:4)
  2 hornets
  A polar bear (Lair:1)
  2 blink frogs
  A snapping turtle (Shoals:2)
  8 slime creatures
  7 spriggans
  3 yaks
  3 humans (D:13)
  2 wyverns
  A fire elemental (Elf:1)
  3 water elementals
  A wraith (D:12)
  2 vampire mosquitoes (D:15)
  A yak (shapeshifter) (D:14)
  5 nagas
  3 orc warriors
  5 wolves
  8 ogres
  A centaur (D:15)
  2 wights (D:9)
  4 orc priests
  An orc wizard (D:10)
  10 orcs
  A bat (D:10)
  A kobold (D:9)
  5 ball lightnings
  3 tentacles (Shoals:3)
477 creatures vanquished.

Vanquished Creatures (others)
  A caustic shrike (Depths:4)
  A stone giant (Zot:3)
  An ettin (Depths:4)
  A yaktaur captain (Vaults:2)
  2 centaur warriors
  A tengu warrior (Depths:3)
  A deep troll shaman (Depths:4)
  A deep troll (Vaults:5)
  2 yaktaurs
  23 knights
  4 ancestors
  99 ball lightnings
  34 tentacles
171 creatures vanquished.

Grand Total: 2188 creatures vanquished

Notes
Turn   | Place    | Note
-------+----------+-------------------------------------------
     0 | D:1      | Wkid the Djinni Air Elementalist began the quest for the
                  | Orb.
     0 | D:1      | Wkid set off with the following spells memorised: Shock,
                  | Static Discharge, Swiftness, Airstrike.
     0 | D:1      | Reached XP level 1. HP: 15/15 MP: 0/0
   160 | D:1      | Reached XP level 2. HP: 7/22 MP: 0/0
   455 | D:1      | Reached skill level 1 in Fighting
   619 | D:1      | Reached XP level 3. HP: 24/27 MP: 0/0
   619 | D:1      | Learned a level 1 spell: Slow
   655 | D:2      | Identified the +5 helmet of the Falcon {Int+4}
   874 | D:2      | Reached XP level 4. HP: 25/32 MP: 0/0
  1394 | D:3      | Found a shadowy altar of Dithmenos.
  1653 | D:3      | Found Ohoato's Jewellery Emporium.
  1732 | D:3      | Reached XP level 5. HP: 34/38 MP: 0/0
  1732 | D:3      | Learned a level 2 spell: Wereblood
  1767 | D:3      | Found a bloodstained altar of Trog.
  1810 | D:3      | Found a sacrificial altar of Ru.
  2113 | D:4      | Reached XP level 6. HP: 21/45 MP: 0/0
  2752 | D:5      | Entered Level 5 of the Dungeon
  2757 | D:5      | Found a glowing silver altar of Zin.
  2758 | D:5      | Noticed an angel
  2861 | D:5      | Noticed an ice beast
  2940 | D:5      | Reached XP level 7. HP: 17/50 MP: 0/0
  2940 | D:5      | Learned a level 3 spell: Portal Projectile
  3227 | D:6      | Reached skill level 5 in Spellcasting
  3269 | D:6      | Noticed a two-headed ogre
  3487 | D:5      | Noticed Ijyb
  3494 | D:5      | Killed Ijyb
  3496 | D:5      | Reached XP level 8. HP: 51/58 MP: 0/0
  3961 | D:5      | Reached skill level 5 in Fighting
  4182 | D:6      | Found a staircase to the Ecumenical Temple.
  4202 | Temple   | Entered the Ecumenical Temple
  4250 | Temple   | Became a worshipper of Hepliaklqana the Forgotten
  4401 | D:6      | Killed a two-headed ogre
  4402 | D:6      | Reached XP level 9. HP: 33/66 MP: 0/0
  4402 | D:6      | Learned a level 4 spell: Animate Armour
  4533 | D:6      | Identified the +3 short sword of Wuenwiof {pain, rC+++
                  | Str-4}
  4885 | D:7      | Noticed Joseph
  4896 | D:7      | Killed Joseph
  5647 | D:7      | Found a snail-covered altar of Cheibriados.
  5657 | D:7      | Found an opulent altar of Gozag.
  5661 | D:7      | Found a basalt altar of Yredelemnul.
  5662 | D:7      | Found a broken altar of Ashenzari.
  5821 | D:7      | Reached * piety under Hepliaklqana
  5883 | D:7      | Noticed Maggie
  5895 | D:7      | Killed Maggie
  5896 | D:7      | Reached XP level 10. HP: 21/67 MP: 0/0
  6569 | D:8      | Noticed Gastronok
  6579 | D:8      | Noticed Grum
  6784 | D:8      | Killed Grum
  7927 | D:8      | Found a burning altar of Makhleb.
  8891 | D:9      | Reached skill level 10 in Spellcasting
  8950 | D:9      | Noticed Pikel
  8954 | D:9      | Killed Pikel
  8955 | D:9      | Reached XP level 11. HP: 57/73 MP: 0/0
  8955 | D:9      | Learned a level 5 spell: Blade Hands
  9006 | D:9      | Reached ** piety under Hepliaklqana
  9007 | D:9      | Remembered your ancestor Cashile as a knight
  9044 | D:9      | You are sucked into a shaft and drop 3 floors!
  9053 | D:12     | Found a burning altar of Makhleb.
  9053 | D:12     | Noticed a green death
  9074 | D:12     | Noticed a cyclops
  9079 | D:12     | Killed a cyclops
  9263 | D:11     | Found a staircase to the Orcish Mines.
  9382 | D:10     | Entered Level 10 of the Dungeon
  9598 | D:9      | Noticed a two-headed ogre
  9603 | D:9      | Killed a two-headed ogre
  9711 | D:9      | Found an iron altar of Okawaru.
 10556 | D:9      | Reached skill level 10 in Fighting
 11294 | D:10     | Found a shimmering altar of Xom.
 11294 | D:10     | Noticed a two-headed ogre
 11340 | D:10     | Killed a two-headed ogre
 11799 | D:10     | Noticed Sonja
 11799 | D:10     | Noticed a red ugly thing
 11801 | D:10     | Killed Sonja
 11804 | D:10     | Killed a red ugly thing
 11805 | D:10     | Reached XP level 12. HP: 67/82 MP: 0/0
 12343 | D:11     | Reached *** piety under Hepliaklqana
 12581 | D:11     | Noticed Harold
 13152 | D:11     | Found a staircase to the Lair.
 13586 | Lair:1   | Entered Level 1 of the Lair of Beasts
 14531 | Lair:2   | Noticed a skyshark
 14540 | Lair:2   | Killed a skyshark
 14632 | Lair:2   | Noticed a skyshark
 14636 | Lair:2   | Killed a skyshark
 14784 | Lair:2   | Noticed a death yak
 14961 | Lair:2   | Found a staircase to the Shoals.
 14988 | Lair:2   | Reached **** piety under Hepliaklqana
 15009 | Lair:2   | Found a runed translucent door.
 15010 | Lair:2   | Found a shimmering altar of Xom.
 15010 | Lair:2   | Noticed Fodor's ghost (journeyman MiFi)
 15011 | Lair:2   | Noticed a +0 quarterstaff of chaos
 15410 | Lair:2   | Noticed an eight-headed hydra
 15439 | Lair:2   | Noticed a death yak
 15623 | Lair:2   | Reached XP level 13. HP: 57/90 MP: 0/0
 15623 | Lair:2   | Learned a level 5 spell: Borgnjor's Vile Clutch
 16233 | Lair:3   | Found a staircase to the Snake Pit.
 16659 | Lair:3   | Noticed a six-headed hydra
 16663 | Lair:3   | Killed a six-headed hydra
 16911 | Lair:3   | Noticed Nergalle
 16917 | Lair:3   | Killed Nergalle
 17474 | Lair:4   | Found a staircase to the Slime Pits.
 17474 | Lair:4   | Found a viscous altar of Jiyva.
 17475 | Lair:4   | Reached ***** piety under Hepliaklqana
 17775 | Lair:4   | Noticed a minotaur
 17775 | Lair:4   | Noticed Kranky's ghost (journeyman MiBe)
 17975 | Lair:4   | Reached skill level 5 in Dodging
 18299 | Lair:4   | Noticed a six-headed hydra
 18302 | Lair:4   | Noticed a five-headed hydra
 18306 | Lair:4   | Killed a six-headed hydra
 18307 | Lair:4   | Killed a five-headed hydra
 18666 | Lair:4   | Found a runed translucent gate.
 18666 | Lair:4   | Found a runed translucent gate.
 18666 | Lair:4   | Found a runed translucent gate.
 18669 | Lair:4   | Noticed a seven-headed hydra
 19053 | Lair:5   | Entered Level 5 of the Lair of Beasts
 19147 | Lair:5   | Noticed an eight-headed hydra
 19153 | Lair:5   | Killed an eight-headed hydra
 19308 | Lair:5   | Reached XP level 14. HP: 69/97 MP: 0/0
 20922 | Lair:5   | Reached skill level 15 in Spellcasting
 22304 | Lair:5   | Reached XP level 15. HP: 63/104 MP: 0/0
 22304 | Lair:5   | Learned a level 6 spell: Eringya's Noxious Bog
 22611 | Lair:5   | Identified the ring of Feta {Wiz rF- Int+4 SInv}
 23206 | Snake:1  | Entered Level 1 of the Snake Pit
 24080 | D:12     | Found the +18 Lear's hauberk
 25419 | Snake:1  | Reached skill level 10 in Dodging
 25869 | Snake:1  | Found Jajogioze's Antique Armour Shoppe.
 25870 | Snake:1  | Found Ziattucu's Jewellery Emporium.
 25870 | Snake:1  | Found Tityumijetz's Assorted Antiques.
 25873 | Snake:1  | Found Udididiz's Weapon Emporium.
 25878 | Snake:1  | Bought the amulet of Oenomania {Spirit Regen+ Str+3} for
                  | 562 gold pieces
 26163 | Snake:1  | Identified a scroll of acquirement
 26164 | Snake:1  | Acquired a staff of air
 26429 | Snake:2  | Reached XP level 16. HP: 86/111 MP: 0/0
 26698 | Snake:2  | Reached skill level 15 in Fighting
 26790 | Snake:2  | Noticed Jorgrun
 26800 | Snake:2  | Killed Jorgrun
 27085 | Snake:2  | Noticed a nagaraja
 27090 | Snake:2  | Killed a nagaraja
 27678 | Snake:3  | Reached ****** piety under Hepliaklqana
 28843 | D:13     | Reached skill level 1 in Shields
 29264 | D:13     | Noticed Rupert
 29278 | D:13     | Killed Rupert
 29335 | D:13     | Found a gate to the Vaults.
 29566 | Orc:1    | Entered Level 1 of the Orcish Mines
 29687 | Orc:2    | Entered Level 2 of the Orcish Mines
 29739 | Orc:2    | Reached XP level 17. HP: 56/117 MP: 0/0
 29739 | Orc:2    | Learned a level 6 spell: Conjure Ball Lightning
 30302 | Orc:2    | Found a staircase to the Elven Halls.
 30978 | Orc:2    | Found Xiak's Antique Armour Shoppe.
 30978 | Orc:2    | Found Enokhlida's Assorted Antiques.
 30993 | Orc:2    | Bought 2 scrolls labelled SAC WEDECLAOV for 58 gold pieces
 31129 | Orc:2    | Found Fuasa's Assorted Antiques.
 31129 | Orc:2    | Found Zixith's Jewellery Shop.
 31135 | Orc:2    | Bought a bubbling coppery potion for 20 gold pieces
 31135 | Orc:2    | Bought a glowing scarf for 184 gold pieces
 31135 | Orc:2    | Bought a scroll of fear for 92 gold pieces
 31299 | Orc:2    | Bought a pair of gloves for 117 gold pieces
 31581 | Snake:4  | Entered Level 4 of the Snake Pit
 32382 | Snake:1  | Bought a ring of willpower for 325 gold pieces
 33183 | Snake:4  | Found Luaptuac's Firing Range.
 33806 | Snake:4  | Reached skill level 5 in Shields
 34779 | Snake:4  | Got a serpentine rune of Zot
 35204 | Shoals:1 | Entered Level 1 of the Shoals
 35250 | Shoals:1 | Found Boqourph's Weapon Shoppe.
 36018 | Shoals:1 | Reached XP level 18. HP: 114/126 MP: 0/0
 36248 | Shoals:1 | Identified the +2 flail of Cheibriados, Inviting {protect,
                  | Dex+5}
 36967 | Shoals:2 | Found Xomi's General Store.
 38980 | Shoals:3 | Noticed a kraken
 38986 | Shoals:3 | Noticed a kraken
 39075 | Shoals:3 | Killed a kraken
 39143 | Shoals:3 | Killed a kraken
 39324 | Shoals:4 | Entered Level 4 of the Shoals
 40069 | Shoals:4 | Noticed a kraken
 40148 | Shoals:4 | Killed a kraken
 40149 | Shoals:4 | Reached XP level 19. HP: 115/133 MP: 0/0
 40149 | Shoals:4 | Learned a level 7 spell: Summon Hydra
 40180 | Shoals:4 | Got a barnacled rune of Zot
 40406 | Shoals:4 | Noticed Ilsuiw
 40415 | Shoals:4 | Killed Ilsuiw
 41711 | D:14     | Identified the +1 dagger of the Unspeakable One {freeze,
                  | Will+++ Str-5 Int-2 Dex+9}
 41735 | D:14     | Noticed Josephine
 41740 | D:14     | Killed Josephine
 42610 | Vaults:1 | Entered Level 1 of the Vaults
 42694 | Orc:2    | Bought the ring of Mirth {rElec MP+9 SInv Stlth+} for 615
                  | gold pieces
 43894 | Vaults:1 | Found Rumurgheo's Distillery.
 43896 | Vaults:1 | Identified the +5 great mace of Amoen {freeze, rC+}
 43901 | Vaults:1 | Bought a potion of heal wounds for 95 gold pieces
 44201 | Vaults:1 | Identified the +8 dire flail of Xyitos {antimagic, rN+
                  | Will+ Int+3 Dex+3}
 44513 | Vaults:2 | Found a portal to a secret trove of treasure.
 44579 | Vaults:2 | Reached XP level 20. HP: 98/141 MP: 0/0
 45788 | Vaults:2 | Noticed Boris
 45801 | Vaults:2 | Killed Boris
 46172 | Vaults:2 | Found a staircase to the Crypt.
 47499 | Vaults:3 | Reached XP level 21. HP: 120/148 MP: 0/0
 47499 | Vaults:3 | Learned a level 7 spell: Ozocubu's Refrigeration
 48166 | Vaults:3 | Identified the +9 great mace of Crystal {freeze, rF++ Int-5
                  | SInv Stlth+}
 50592 | D:15     | Entered Level 15 of the Dungeon
 50924 | D:15     | Found a staircase to the Depths.
 51023 | D:15     | Found Sowa's Jewellery Shop.
 51582 | Elf:1    | Entered Level 1 of the Elven Halls
 52036 | Elf:1    | Reached XP level 22. HP: 146/156 MP: 0/0
 52328 | Elf:1    | Found a runed translucent gate.
 52329 | Elf:1    | Found a runed translucent gate.
 52330 | Elf:1    | Found a runed translucent gate.
 52330 | Elf:1    | Noticed BONEBRO's ghost (journeyman HOFi)
 52721 | Elf:1    | Identified the +0 pair of boots of Divine Compulsion {rC+
                  | Regen+ Int-5}
 53182 | Elf:2    | Found a runed translucent door.
 53300 | Elf:2    | Found a runed translucent gate.
 53300 | Elf:2    | Found a runed translucent gate.
 53300 | Elf:2    | Found a runed translucent gate.
 53748 | Elf:2    | Noticed Kaobra's ghost (adept GnHW)
 54709 | Elf:2    | Killed Kaobra's ghost
 55013 | Vaults:2 | You paid a toll of 6 scrolls of fear to enter a treasure
                  | trove
 55014 | Trove    | Entered a treasure trove
 55043 | Trove    | Found the +15 Maxwell's patent armour {-Cast -Tele rElec
                  | Will+ rCorr}
 55045 | Trove    | Identified the +2 helmet of Noceyf {rElec Str-5 Int+4}
 55091 | Trove    | Reached XP level 23. HP: 162/162 MP: 0/0
 55091 | Trove    | Learned a level 8 spell: Discord
 55093 | Trove    | Found the amulet of the Four Winds {rN+ Will+++ Clar}
 55097 | Trove    | Identified the ring of the Rose {rC+ Slay+2}
 55325 | Elf:3    | Entered Level 3 of the Elven Halls
 55488 | Elf:3    | Noticed Mara
 55493 | Elf:3    | Noticed Wkid's illusion
 55493 | Elf:3    | Killed Mara
 56709 | Elf:3    | Noticed Nikola
 56714 | Elf:3    | Killed Nikola
 56839 | Elf:3    | Noticed Zenata
 56844 | Elf:3    | Killed Zenata
 57997 | Elf:3    | Identified the +5 halberd of Xumiad {antimagic, rElec
                  | rPois}
 57997 | Elf:3    | Identified the ring "Rang" {Fire +Blink Str+3}
 58027 | Elf:3    | Identified the +10 mace "Zileola" {flame, rPois Dex-3 SInv}
 58117 | Elf:3    | Identified the +4 halberd of Collusion {protect, Str+2}
 58121 | Elf:3    | Reached XP level 24. HP: 131/170 MP: 0/0
 58219 | Elf:3    | Identified the +7 quarterstaff of Greed {flame, rF+ Str+2
                  | SInv}
 58219 | Elf:3    | Identified the amulet of Higiemn {RegenMP rCorr}
 58752 | Elf:3    | Identified the +2 dire flail of Impeachment {holy, rC-
                  | Dex+5 Stlth+}
 59073 | Elf:3    | Identified the staff of poison "Mefiroh" {rElec rPois rN+
                  | Will+}
 59166 | Elf:3    | Identified the staff of earth "Ciar" {Stlth+}
 59349 | Elf:3    | Acquired a manual of Shields
 59351 | Elf:3    | Acquired 763 gold pieces
 59667 | Depths:1 | Entered Level 1 of the Depths
 59670 | Depths:1 | Noticed Poanarph's ghost (veteran GrVM)
 59672 | Depths:1 | Noticed a juggernaut
 60233 | Depths:1 | Found a transporter.
 60261 | Depths:1 | Found a flickering gateway to a bazaar.
 60270 | Bazaar   | Entered a bazaar
 60288 | Bazaar   | Found Huubluth's Antique Weapon Shoppe.
 60288 | Bazaar   | Found Faoxkomm's Armour Emporium.
 60332 | Bazaar   | Found Zitieczo's Armour Shoppe.
 60332 | Bazaar   | Found Daon's Book Emporium.
 60344 | Bazaar   | Bought the +2 robe of the Game of Kings {rC++ rCorr} for
                  | 816 gold pieces
 60388 | Depths:1 | Noticed Boris
 60695 | Depths:1 | Killed Boris
 61087 | Depths:1 | Reached skill level 10 in Shields
 61182 | Depths:1 | Found a gateway to Hell.
 61769 | Depths:1 | Found a transporter.
 62142 | Depths:1 | Identified the ring "Oseam" {rPois rF+ rCorr Slay+2 Stlth-}
 62716 | Depths:1 | Identified the staff of death "Pioref" {rF+ rN+}
 62892 | Depths:1 | Acquired 1010 gold pieces
 64220 | Depths:2 | Found Juddeqeh's Jewellery Shop.
 64250 | Depths:2 | Found a one-way gate leading to the halls of Pandemonium.
 65052 | Depths:2 | Found a corrupted altar of Lugonu.
 65052 | Depths:2 | Found a one-way gate to the infinite horrors of the Abyss.
 66066 | Depths:3 | Reached XP level 25. HP: 100/177 MP: 0/0
 66066 | Depths:3 | Learned a level 8 spell: Infestation
 66971 | Depths:3 | Identified the +0 leather armour of Lugonu {rC+++ Str-3}
 67608 | Depths:4 | Entered Level 4 of the Depths
 67609 | Depths:4 | Noticed a caustic shrike
 67613 | Depths:4 | Killed a caustic shrike
 67614 | Depths:4 | Noticed a caustic shrike
 67616 | Depths:4 | Noticed a caustic shrike
 67616 | Depths:4 | Noticed a caustic shrike
 67618 | Depths:4 | Noticed a caustic shrike
 68540 | Depths:4 | Killed a caustic shrike
 68543 | Depths:4 | Killed a caustic shrike
 68544 | Depths:4 | Killed a caustic shrike
 68546 | Depths:4 | Killed a caustic shrike
 68584 | Depths:4 | Noticed a juggernaut
 68590 | Depths:4 | Killed a juggernaut
 68828 | Depths:4 | Noticed Sojobo
 68836 | Depths:4 | Killed Sojobo
 69871 | Vaults:4 | Reached XP level 26. HP: 186/186 MP: 0/0
 69875 | Vaults:5 | Entered Level 5 of the Vaults
 70294 | Vaults:5 | Identified the amulet "Giylacic" {Faith rF++ Regen+ rCorr
                  | Str+4}
 71015 | Vaults:5 | Reached XP level 27. HP: 180/191 MP: 0/0
 71015 | Vaults:5 | Learned a level 9 spell: Dragon's Call
 71288 | Vaults:5 | Identified the ring "Xuasazu" {rPois rCorr Str-3 Dex+2
                  | Slay+5}
 71542 | Vaults:5 | Identified the +6 sling "Deofea" {antimagic, rN+ Dex+3}
 71810 | Vaults:5 | Identified the +8 dagger of Estappol {flame, Fly Int+2
                  | Dex+3}
 71810 | Vaults:5 | Identified the +1 chain mail "Ubrom" {Str+7 Dex-4}
 72404 | Vaults:5 | Got a silver rune of Zot
 73824 | Vaults:5 | Identified the staff of poison "Noril" {rPois rF+ rC+ Str+3
                  | Int-2}
 75215 | Depths:4 | Found a gate to the Realm of Zot.
 75464 | Depths:4 | Found a one-way gateway to a ziggurat.
 75524 | Depths:4 | Found Iriar's Assorted Antiques.
 75534 | Depths:4 | Bought a potion of heal wounds for 150 gold pieces
 75838 | Depths:4 | Bought a large marble ring for 150 gold pieces
 75888 | Zot:1    | Entered Level 1 of the Realm of Zot
 76162 | Zot:1    | Noticed a Killer Klown
 76170 | Zot:1    | Killed a Killer Klown
 76173 | Zot:1    | Noticed a Killer Klown
 76175 | Zot:1    | Killed a Killer Klown
 76291 | Zot:1    | Noticed a dread lich
 76294 | Zot:1    | Killed a dread lich
 77412 | Zot:2    | Identified the ring "Oneeff" {rC+ Will- EV+5 Str+2 Slay+5}
 77550 | Zot:2    | Found a transporter.
 77551 | Zot:2    | You are sucked into a shaft and drop 1 floor!
 78068 | Zot:2    | Reached skill level 27 in Spellcasting
 78136 | Zot:2    | Noticed Parghit
 78148 | Zot:2    | Killed Parghit
 78159 | Zot:2    | Reached skill level 15 in Dodging
 81223 | Zot:4    | Identified the +1 long sword "Hef Fiage" {chaos, rCorr
                  | Str+4}
 81333 | Zot:4    | Noticed an orb of fire
 81957 | Zot:4    | Killed an orb of fire
 82284 | Zot:4    | Identified the +3 spear of Gykatel {flame, rElec rC+ Int+3}
 82634 | Zot:5    | Entered Level 5 of the Realm of Zot
 82657 | Zot:5    | Found Wablog's CLEARANCE SALE!.
 83485 | Zot:5    | Noticed a dread lich
 83488 | Zot:5    | Killed a dread lich
 83498 | Zot:5    | Noticed an ancient lich
 83504 | Zot:5    | Killed an ancient lich
 83522 | Zot:5    | Noticed an orb of fire
 83543 | Zot:5    | Noticed a Killer Klown
 83548 | Zot:5    | Killed a Killer Klown
 83550 | Zot:5    | Killed an orb of fire
 83874 | Zot:5    | Noticed an orb of fire
 83877 | Zot:5    | Gained mutation: You occasionally lose the ability to drink
                  | potions when taking damage. [an orb of fire]
 83885 | Zot:5    | Killed an orb of fire
 84115 | Zot:5    | Noticed a Killer Klown
 84117 | Zot:5    | Noticed an orb of fire
 84124 | Zot:5    | Gained mutation: Potions are less effective at restoring
                  | your health. [an orb of fire]
 84130 | Zot:5    | Killed an orb of fire
 84269 | Zot:5    | Noticed an orb of fire
 84284 | Zot:5    | Killed an orb of fire
 84350 | Zot:5    | Killed a Killer Klown
 84740 | Zot:5    | Noticed an orb of fire
 84749 | Zot:5    | Killed an orb of fire
 85101 | Zot:5    | Noticed an ancient lich
 85103 | Zot:5    | Noticed an orb of fire
 85107 | Zot:5    | Noticed an orb of fire
 85110 | Zot:5    | Killed an ancient lich
 85146 | Zot:5    | Gained mutation: You have hidden genetic defects. [an orb
                  | of fire]
 85154 | Zot:5    | Gained mutation: You occasionally lose the ability to read
                  | scrolls when taking damage. [an orb of fire]
 85709 | Zot:5    | Noticed a Killer Klown
 85716 | Zot:5    | Killed an orb of fire
 85723 | Zot:5    | Killed a Killer Klown
 85724 | Zot:5    | Gained mutation: Your body sometimes deteriorates upon
                  | taking damage. [an orb of fire]
 85737 | Zot:5    | Killed an orb of fire
 85742 | Zot:5    | Reached skill level 27 in Fighting
 85751 | Zot:5    | Noticed a Killer Klown
 85759 | Zot:5    | Killed a Killer Klown
 86068 | Zot:5    | Got the Orb of Zot
 86100 | Zot:5    | Gained mutation: Your body often deteriorates upon taking
                  | damage. [hidden defects]
 86138 | Zot:5    | Reached skill level 15 in Shields
 86184 | Zot:3    | Lost mutation: You occasionally lose the ability to drink
                  | potions when taking damage. [potion of mutation]
 86184 | Zot:3    | Lost mutation: Your body often deteriorates upon taking
                  | damage. [potion of mutation]
 86184 | Zot:3    | Lost mutation: Your body sometimes deteriorates upon taking
                  | damage. [potion of mutation]
 86184 | Zot:3    | Gained mutation: Armour fits poorly on your strangely
                  | shaped body. [potion of mutation]
 86184 | Zot:3    | Gained mutation: You have a beak for a mouth. [potion of
                  | mutation]
 86184 | Zot:3    | Gained mutation: You are partially covered in large bone
                  | plates. (SH +4) [potion of mutation]
 86185 | Zot:3    | Lost mutation: You have a beak for a mouth. [potion of
                  | mutation]
 86185 | Zot:3    | Lost mutation: You have hidden genetic defects. [potion of
                  | mutation]
 86185 | Zot:3    | Gained mutation: Potions cannot restore your health.
                  | [potion of mutation]
 86185 | Zot:3    | Gained mutation: You are somewhat resistant to further
                  | mutation. [potion of mutation]
 86186 | Zot:3    | Lost mutation: You are somewhat resistant to further
                  | mutation. [potion of mutation]
 86186 | Zot:3    | Lost mutation: You occasionally lose the ability to read
                  | scrolls when taking damage. [potion of mutation]
 86186 | Zot:3    | Gained mutation: Your muscles are strong. (Str +4, Int/Dex
                  | -1) [potion of mutation]
 86186 | Zot:3    | Gained mutation: You are strong-willed. (Will+) [potion of
                  | mutation]
 86186 | Zot:3    | Gained mutation: You are robust. (+10% HP) [potion of
                  | mutation]
 86405 | Depths:3 | Noticed Cufuinop the pandemonium lord
 86779 | D:4      | Noticed Yrop the pandemonium lord
 86858 | D:$      | Escaped with the Orb!

Illustrated notes

Levels and vault maps discovered:
D:1:      psy_arrival_whirlpool, layout_rooms
D:2:      layout_rooms
D:3:      layout_rooms, nicolae_ru_path_of_blood,
          mainiacjoe_overflow_cross_hatched, trog_hazing_becter, serial_shops,
          shop, grunt_ministairs_14
D:4:      layout_loops_ring
D:5:      layout_rooms, zin_angel, uniq_ijyb
D:6:      layout_cave_pools, minmay_temple_entry_steel_oval,
          nicolae_ossuary_entry_plus
D:7:      layout_layer_cave, minitemple, uniq_maggie, uniq_joseph
D:8:      layout_basic, mainiacjoe_overflow_brackets, marbit_many_paths,
          uniq_grum, uniq_gastronok
D:9:      layout_cave_pods, hellmonk_okawaru_the_only_friend_you_need,
          kennysheep_generic_room_12, uniq_pikel
D:10:     layout_cave_pods, tgw_xom, uniq_sonja
D:11:     layout_basic, david_lair_generic, orc_0_dummy, uniq_harold
D:12:     layout_loops_ring, makhleb_altar_promises_db
D:13:     layout_gridville, david_vaults_3
D:14:     layout_long_grid, nicolae_concentric_dashed_squares_mild,
          portal_ice_cave_entry_pillars_four, drop_trap, uniq_josephine
D:15:     hangedman_depths_entry_try_elsewhere_first, layout_grid_maze,
          serial_shops, nicolae_shop_temple_entry_statues_fountains, st_stairs_2
Temple:   nicolae_temple_ecumenical_triangle
Lair:1:   layout_gridlike, nicolae_quartered_pool_super
Lair:2:   layout_regular_city, minmay_shoals_entry_beasts, ebering_ghost_xom,
          eino_small_chamber_without_monster, roderic_carrion_pond,
          grunt_megastairs_5
Lair:3:   layout_cave_pods, nicolae_snake_entry_squirm, uniq_nergalle
Lair:4:   layout_concentric_octagons, slime_entry_1,
          maelrawn_ghost_gauntlet_escape, hangedman_lair_generics_rect,
          serial_bayou_shore_a, grunt_megastairs_3
Lair:5:   minmay_lair_end_enchanted_forest, layout_cave_pods
Shoals:1: layout_shoals, serial_shops, shop, hangedman_shoals_cup_caves
Shoals:2: layout_shoals, serial_shops, nicolae_shop_pleasant_corner_grove
Shoals:3: layout_shoals
Shoals:4: shoals_end_hangedman, layout_shoals, shoal_ilsuiw
Snake:1:  layout_rooms, nrook_guardian_serpent_double, minmay_shoptagon
Snake:2:  layout_grid_maze, uniq_jorgrun
Snake:3:  layout_chambers
Snake:4:  minmay_snake_end_coiled, layout_cave_shapes, nicolae_shop_firing_range
Orc:1:    layout_diamond_mine
Orc:2:    st_orc_town, layout_caves
Elf:1:    eino_elf_arrival_the_gate, layout_gridlike, gammafunk_ghost_split,
          serial_co_window_serial, co_window_corner_a, co_window_corner_a,
          co_window_paths_b, co_window_paths_a, co_window_corner_a,
          co_window_2corner, co_window_corner_cb, co_window_corner_b,
          glass_columns_c, glass_columns_b,
          hangedman_elven_crosses_minicolossus, lemuel_upstairs_altar
Elf:2:    nicolae_elf_blades_splatter_lattice
          [nicolae_blade_entry_hurt_lockers], layout_loops_cross,
          infiniplex_enter_wizlab_spiral, ebering_ghost_reflecting_pool,
          minivault_4
Elf:3:    minmay_elf_hall_quartered_circle, layout_geoelf_castle, uniq_zenata,
          uniq_mara, uniq_nikola
Vaults:1: nicolae_vaults_two_Ls, vaults_room_fours,
          nicolae_vaults_closet_pinwheel_1, nicolae_vaults_storage_room_doors,
          nicolae_vaults_trapezoid_lopsided_2,
          nicolae_vaults_little_guard_posts, grunt_vaults_hallway_short,
          nicolae_vaults_tetromino_T_1, layout_vaults_omnigrid, serial_shops,
          shop
Vaults:2: vaults_mumra_chevron, minmay_crypt_entry_vampire_xt, v_misc_22,
          vaults_room_corners, nicolae_vaults_double_plus_1,
          nicolae_vaults_an_arrangement, hangedman_vaults_trim,
          nicolae_vaults_storage_room_glass, nicolae_vaults_trapezoid_3,
          nicolae_vaults_mitosis, v_misc_11, v_misc_9, nicolae_vaults_little_ls,
          nicolae_vaults_apartment_2, nicolae_vaults_tetromino_Z_2,
          dpeg_vaults_monster_box, nicolae_vaults_trapezoid_lopsided_3,
          layout_vaults_maze, nicolae_trove_entry_isolated, uniq_boris
Vaults:3: st_octagons_1, v_pattern_4, vaults_mumra_hexcomb, v_misc_27,
          nicolae_vaults_storage_closets_3, nicolae_vaults_tetromino_L_1,
          nicolae_vaults_tetromino_L_2, vaults_dpeg_ring, layout_vaults_big_room
Vaults:4: nicolae_vaults_layer_cake_slice, vaults_dpeg_encased_lava,
          nicolae_vaults_trapezoid_4, v_rooms_2, v_alt_pattern_3,
          nicolae_vaults_little_squares_6, nicolae_vaults_triangles,
          nicolae_vaults_oval_intersection, nicolae_vaults_stepped_doors,
          nicolae_vaults_tetromino_Z_2, nicolae_vaults_tetromino_Z_2,
          hangedman_vaults_restitches, nicolae_vaults_variable_pillar_hall,
          layout_vaults_omnicross
Vaults:5: serial_shops
Depths:1: layout_basic, serial_shops, bzr_entry_safe, gammafunk_ghost_arena,
          kennysheep_small_spiral, pf_hell_entry_tar_river, minmay_metal_thing,
          serial_bayou_shore_b
Depths:2: cheibrodos_lost_city_excavation, layout_gridlike,
          nrook_mini_backslash, pan_entry, serial_shops,
          nicolae_shop_advertising_works [nicolae_subvault_shop_adworks],
          abyss_entry_flame_altar, hell_entry, nicolae_kite_square_tiling_tiny,
          infiniplex_staircase_star
Depths:3: kennysheep_cluttered_fort, layout_gridlike, abyss_entry,
          hangedman_coc_ice_floe, serial_sigils_hangedman_stare,
          lemuel_flamethrower_hall, uniq_grunn, uniq_josephina
Depths:4: grunt_zot_entry_bicorn, layout_gridlike, enter_ziggurat_a,
          grunt_mini_vestibule, kennysheep_flooded_box, serial_shops, shop,
          kb_rosetta, uniq_sojobo
Zot:1:    ebering_klown_carousel, layout_misc_corridors
Zot:2:    gammafunk_dig_for_victory, layout_misc_corridors, uniq_parghit
Zot:3:    lemuel_halls_of_wrath, layout_onion_interference
Zot:4:    layout_misc_corridors, st_stairs_1, grunt_ministairs_12
Zot:5:    layout_misc_corridors, nicolae_shop_clearance

Skill      XL: |  1  2  3  4  5  6  7  8  9 10 11 12 13 14 15 16 17 18 19 20 21 22 23 24 25 26 27 |
---------------+----------------------------------------------------------------------------------+-----
Fighting       | 1 2 3 4 6 7 8 10 11 12 13 14 15 16 17 18 19 20 21 22 27 | 27.0
Spellcasting   | 3 4 5 7 8 10 11 13 14 15 16 17 18 19 20 21 22 23 24 27 | 27.0
Dodging        | 6 8 10 11 13 14 16 | 16.9
Shields        | 2 5 7 9 11 15 | 15.5
Stealth        | |  1.5

Action                     |  1- 3 |  4- 6 |  7- 9 | 10-12 | 13-15 | 16-18 | 19-21 | 22-24 | 25-27 || total
---------------------------+-------+-------+-------+-------+-------+-------+-------+-------+-------++-------
  Melee: Short sword       |       |       |       |     1 |       |       |       |       |       ||     1
   Cast: Shock             |    80 |   155 |    92 |    22 |    32 |    24 |       |       |     5 ||   410
         Static Discharge  |       |     1 |    15 |     9 |    12 |     4 |       |       |       ||    41
         Swiftness         |       |       |     2 |     1 |       |       |       |       |       ||     3
         Airstrike         |       |       |    38 |   291 |   362 |   626 |   555 |   124 |   455 ||  2451
         Animate Armour    |       |       |     2 |     1 |       |       |       |       |       ||     3
         Borgnjor's Vile C |       |       |       |       |   149 |   220 |   260 |   140 |   285 ||  1054
         Slow              |       |       |       |       |     2 |     1 |       |       |       ||     3
         Eringya's Noxious |       |       |       |       |     1 |    12 |     2 |       |     1 ||    16
         Conjure Ball Ligh |       |       |       |       |       |     4 |    29 |     2 |     5 ||    40
         Summon Hydra      |       |       |       |       |       |       |    12 |     6 |     6 ||    24
         Ozocubu's Refrige |       |       |       |       |       |       |    46 |   291 |   150 ||   487
         Discord           |       |       |       |       |       |       |       |     5 |     7 ||    12
         Infestation       |       |       |       |       |       |       |       |       |    26 ||    26
         Dragon's Call     |       |       |       |       |       |       |       |       |    45 ||    45
 Invoke: Recall Ancestor   |       |       |       |     1 |     1 |     3 |     1 |     2 |     7 ||    15
         Ancestor Life: Kn |       |       |       |     1 |       |       |       |       |       ||     1
    Use: Scroll            |       |       |    11 |     9 |     9 |    10 |     2 |    12 |     7 ||    60
         Potion            |       |       |       |       |     1 |     2 |     3 |     1 |    20 ||    27
 Armour: Robe              |     2 |     7 |     1 |       |       |     5 |     1 |     6 |     9 ||    31
         Steam dragon scal |       |       |       |     1 |     6 |     3 |     1 |     2 |       ||    13
  Dodge: Dodged            |     7 |    10 |    22 |    17 |    48 |    58 |    63 |    27 |    75 ||   327
         Repelled          |       |       |       |       |     2 |     7 |     5 |     2 |    13 ||    29
  Block: Kite shield       |       |       |       |       |       |    35 |    32 |    12 |    53 ||   132
